 Dungeon Crawl Stone Soup version 0.28-a0-863-g8cecda6153 (webtiles) character file.

Game seed: 15243025195020194639

222563 sanka the Severer (level 18, -8/143 HPs)
             Began as a Palentonga Abyssal Knight on Nov 17, 2021.
             Was the Champion of Lugonu.
             Mangled by an ettin (15 damage)
             ... on level 2 of the Vaults.
             The game lasted 01:28:41 (37860 turns).

sanka the Severer (Palentonga Abyssal Knight)      Turns: 37860, Time: 01:28:46

Health: -8/143     AC: 61    Str: 22    XL:     18   Next: 53%
Magic:  27/27      EV:  7    Int: 14    God:    Lugonu [******]
Gold:   1025       SH: 20    Dex: 18    Spells: 17/17 levels left

rFire   + . .      SeeInvis +   a - +10 broad axe of Contention {venom, rPois rN+ Dex+4}
rCold   + . .      Faith    .   W - +1 kite shield {AC+3}
rNeg    + + .      Spirit   .   Q - +10 plate armour of Acum {rCorr}
rPois   +          Reflect  +   S - +1 helmet {Int+3}
rElec   .          Harm     .   h - +2 ratskin cloak {*Rats rPois rN+ Str-1 Int-1 Dex+1}
rCorr   +          Rampage  .   x - +0 pair of gloves
Will    +....                   w - +4 barding
Stlth   ..........              e - amulet of Life {Reflect rF+ rC+ Int+2 SH+5}
HPRegen 0.33/turn               D - +4 ring of protection
MPRegen 0.20/turn               L - +4 ring of protection

@: marked, curled up
A: large, rugged brown scales 3, see invisible, deformed body, roll 1, armoured
tail, reflexive curl
}: 1/15 runes: serpentine
a: Rolling Charge, Renounce Religion, Depart the Abyss, Bend Space, Banish,
Corrupt, Enter the Abyss, Brand Weapon With Distortion


You were on level 2 of the Vaults.
You worshipped Lugonu.
Lugonu was exalted by your worship.
You visited 5 branches of the dungeon, and saw 29 of its levels.
You visited the Abyss 1 time.
You visited 1 bazaar.
You also visited: Volcano.

You collected 4389 gold pieces.
You spent 3364 gold pieces at shops.


Innate Abilities, Weirdness & Mutations

You are completely covered in rugged brown scales. (AC +3, +7% HP)
You have supernaturally acute eyesight. (SInv)
Armour fits poorly on your strangely shaped body.
You can roll at nearby foes to attack.
You have a long armoured tail.
You curl defensively after being hit. (AC +7*)


   Skills:
 - Level 10.0 Fighting
 - Level 18.0 Axes
 + Level 14.8 Armour
 - Level 8.0 Dodging
 - Level 15.0 Shields
 - Level 12.0 Invocations


You had 17 spell levels left.
You didn't know any spells.
Your spell library contained the following spells:

 Spells                   Type           Power      Damage    Failure   Level
 Apportation              Tloc           0%         N/A       95%         1
 Beastly Appendage        Tmut           0%         N/A       95%         1
 Sandblast                Erth           0%         2d4       95%         1
 Slow                     Hex            0%         N/A       95%         1
 Sting                    Tmut/Pois      0%         1d3       95%         1
 Passwall                 Tmut/Erth      0%         N/A       99%         2
 Poisonous Vapours        Pois/Air       0%         N/A       99%         2
 Static Discharge         Conj/Air       0%         N/A       99%         2
 Wereblood                Tmut           0%         N/A       99%         2
 Call Canine Familiar     Summ           0%         N/A       100%        3
 Confusing Touch          Hex            0%         N/A       100%        3
 Frozen Ramparts          Ice            0%         1d2       100%        3
 Portal Projectile        Hex/Tloc       0%         N/A       100%        3
 Spider Form              Tmut/Pois      0%         N/A       100%        3
 Stone Arrow              Conj/Erth      0%         3d7       100%        3
 Airstrike                Air            0%         N/A       100%        4
 Animate Armour           Summ/Erth      0%         N/A       100%        4
 Animate Dead             Necr           0%         N/A       100%        4
 Dispel Undead            Necr           0%         3d6       100%        4
 Ice Form                 Ice/Tmut       0%         N/A       100%        4
 Leda's Liquefaction      Hex/Erth       0%         N/A       100%        4
 Olgreb's Toxic Radiance  Pois           0%         N/A       100%        4
 Sticky Flame             Conj/Fire      0%         2d3       100%        4
 Summon Ice Beast         Ice/Summ       0%         N/A       100%        4
 Summon Lightning Spire   Summ/Air       0%         N/A       100%        4
 Alistair's Intoxication  Tmut/Pois      0%         N/A       100%        5
 Blade Hands              Tmut           0%         N/A       100%        5
 Lightning Bolt           Conj/Air       0%         1d11      100%        5
 Yara's Violent Unravell  Hex/Tmut       0%         3d3       100%        5
 Conjure Ball Lightning   Conj/Air       0%         3x3d6     100%        6
 Iron Shot                Conj/Erth      0%         9d1       100%        6
 Haunt                    Necr/Summ      0%         N/A       100%        7
 Storm Form               Tmut/Air       0%         N/A       100%        7
 Discord                  Hex            0%         N/A       100%        8
 Disjunction              Tloc           0%         N/A       100%        8
 Infestation              Necr           0%         N/A       100%        8
 Maxwell's Capacitive Co  Air            0%         ∞         100%        8

Inventory:

Hand Weapons
 a - the +10 broad axe of Contention (weapon) {venom, rPois rN+ Dex+4}

   It poisons the flesh of those it strikes.
   Dex:       It affects your dexterity (+4).
   rPois:     It protects you from poison.
   rN:        It protects you from negative energy.
 z - a +3 demon whip of flaming
 I - a +0 war axe of venom
Missiles
 u - a curare-tipped dart {=f}
 v - 7 throwing nets {=f}
Armour
 h - the +2 ratskin cloak (worn) {*Rats rPois rN+ Str-1 Int-1 Dex+1} When the wearer is hurt, rats may emerge from it to assist them. Str: It affects your strength (-1). Int: It affects your intelligence (-1). Dex: It affects your dexterity (+1). rPois: It protects you from poison. rN: It protects you from negative energy.
 w - a +4 barding (worn)
 x - a +0 pair of gloves (worn)
 Q - the +10 plate armour of Acum (worn) {rCorr} rCorr: It protects you from acid and corrosion.
 R - a +4 crystal plate armour
 S - a +1 helmet of intelligence (worn)
 T - a scarf of resistance
 W - a +1 kite shield of protection (worn)
Jewellery
 e - the amulet of Life (around neck) {Reflect rF+ rC+ Int+2 SH+5}

   [amulet of reflection]

   It reflects blocked missile attacks.
   Int:       It affects your intelligence (+2).
   rF:        It protects you from fire.
   rC:        It protects you from cold.
   SH:        It affects your SH (+5).
 D - a +4 ring of protection (left hand)
 H - the ring of Aceoppy {Will+ Str+4 Dex+3}

   [ring of willpower]

   Str:       It affects your strength (+4).
   Dex:       It affects your dexterity (+3).
   Will:      It increases your willpower.
 K - the ring "Anluck" {Fire Fly Dex+2 SInv}

   [ring of fire]

   It enhances your fire magic.
   Dex:       It affects your dexterity (+2).
   rF:        It protects you from fire.
   rC:        It makes you vulnerable to cold.
   SInv:      It lets you see invisible.
   Fly:       It grants you flight.
 L - a +4 ring of protection (right hand)
Wands
 b - a wand of paralysis (13)
 c - a wand of charming (18)
 t - a wand of polymorph (35)
 A - a wand of digging (11)
 C - a wand of iceblast (21)
 G - a wand of acid (7)
 N - a wand of mindburst (22)
Scrolls
 f - 2 scrolls of holy word
 g - 7 scrolls of teleportation {@r4}
 i - 6 scrolls of blinking
 j - 8 scrolls of identify {@r1}
 l - a scroll of magic mapping
 m - 2 scrolls of torment {!r}
 p - 5 scrolls of fear
 q - 3 scrolls of summoning
 s - 6 scrolls of fog
 y - 3 scrolls of vulnerability {!r}
 J - 4 scrolls of enchant weapon
 V - a scroll of enchant armour
Potions
 d - 2 potions of magic
 k - 6 potions of attraction {!q}
 n - 4 potions of berserk rage {!q}
 o - 2 potions of ambrosia
 r - a potion of mutation {!q}
 B - 9 potions of curing {@q1}
 E - 5 potions of flight
 F - 5 potions of might
 M - 6 potions of heal wounds {@q2}
 O - 5 potions of haste {@q3}
 P - 3 potions of lignification {!q}

Dungeon Overview and Level Annotations

Branches:
Dungeon (15/15)            Temple (0/1) D:7            Lair (6/6) D:11
  Swamp (0/4) Lair:2        Snake (4/4) Lair:3        Slime (0/5) Lair:5
    Orc (2/2) D:12            Elf (0/3) Orc:2        Vaults (2/5) D:14
 Depths (0/4) D:15        Volcano (visited)
  Crypt: Vaults:2-3

Altars:
Kikubaaqudgha
Makhleb
Uskayaw
Xom
Jiyva

Shops:
D:5 [*=?   D:6 [   D:7 *!   D:11 [   D:13 =   Orc:2 **(:(   Vaults:1 :?

Annotations:
Abyss:1 Duvessa; Rupert ▒....<..▒ ▒.......▒ .. ▒.......▒ ▒▒▒. ▒ ▒.......▒ '.'▒ .▒ ▒......†▒ Wp.▒... ▒▒▒▒▒▒)▒▒▒ pppTTT

▒.......▒ OT.▒ ▒.......▒
▒▒CTO▒ ▒.......▒ ▒▒H▒▒
▒.......▒ ▒.).▒ ▒.......▒
▒...▒ ▒.......▒ ▒...▒
▒.......▒ ▒▒†▒▒
▒▒▒▒▒▒'▒▒▒▒▒▒▒▒▒'▒▒▒▒▒▒▒▒
.........................
.........................
.........................


You could see an ironbound preserver (summoned), 2 ironbound thunderhulks, an
ettin (sheltered, extremely poisoned), an ironbound frostheart (sheltered), 5
deep trolls, an ironbound convoker (sheltered) and a wraith (sheltered).


Message History

The deep troll is heavily wounded.
Electricity crackles from the ironbound thunderhulk's apparatus.
The bolt of lightning hits you!!!
* * * LOW HITPOINT WARNING * * *
Unknown command.
You slice the deep troll!!
The deep troll looks as sick as possible!
You tail-slap the deep troll.
The deep troll is almost dead.
You kill the ironbound preserver!
Lugonu accepts your kill. You block the deep troll's attack.
You block the deep troll's attack.
The deep troll claws you but does no damage.
You hit the deep troll.
The deep troll looks as sick as possible!
Your tail-slap misses the deep troll.
The deep troll is almost dead.
You kill the deep troll!
Lugonu accepts your kill.
Training target 15.0 for Shields reached!
Your Shields skill increases to level 15!
You slash the ettin!
The ettin looks as sick as possible!
The ettin is lightly wounded.
The ironbound preserver casts a spell.
The ironbound preserver begins to accept its allies' injuries.
You block the ettin's attack.
The ettin hits you with a +0 dire flail of holy wrath!
You die...

Action                   |  1- 3 |  4- 6 |  7- 9 | 10-12 | 13-15 | 16-18 || total
-------------------------+-------+-------+-------+-------+-------+-------++-------
Melee: Hand axe          |   126 |   158 |   118 |       |       |       ||   402
       Tailslap          |    14 |    20 |    43 |   208 |   376 |   282 ||   943
       Dagger            |       |       |    18 |       |       |       ||    18
       War axe           |       |       |   158 |   872 |   716 |       ||  1746
       Broad axe         |       |       |       |       |   714 |  1350 ||  2064
Invok: Depart the Abyss  |     1 |       |       |       |       |       ||     1
       Banish            |       |       |     3 |     9 |    20 |     2 ||    34
 Abil: Rolling Charge    |       |       |     9 |    14 |     5 |     2 ||    30
Evoke: Wand              |       |       |       |     7 |     5 |       ||    12
  Use: Scroll            |     2 |     4 |     5 |     8 |    18 |     2 ||    39
       Potion            |       |     1 |     1 |     1 |       |       ||     3
 Stab: Distracted        |       |       |       |     3 |       |     2 ||     5
       Petrified         |       |       |       |     9 |    17 |       ||    26
       Petrifying        |       |       |       |       |     4 |       ||     4
       Sleeping          |       |       |       |       |     2 |       ||     2
Armor: Leather armour    |    49 |    54 |    30 |       |       |       ||   133
       Ring mail         |       |       |   131 |   388 |   438 |       ||   957
       Crystal plate arm |       |       |       |       |    84 |   150 ||   234
       Plate armour      |       |       |       |       |       |   463 ||   463
Dodge: Dodged            |    61 |    75 |   103 |   326 |   362 |   137 ||  1064
Block: Kite shield       |       |       |     4 |   542 |   757 |   192 ||  1495
       Reflection        |       |       |       |       |    35 |   165 ||   200
       Tower shield      |       |       |       |       |   112 |  1126 ||  1238

Levels and vault maps discovered:
D:1:      matt_arrival_spirals, layout_basic, hellmonk_ecumenical_altar_lost_god
D:2:      layout_loops_corners
D:3:      corexii_shack_village, layout_loops_ring
D:4:      layout_cave_pools, solitary_fountain
D:5:      layout_cave_pools, serial_shops, nicolae_shop_statue_plus,
          nicolae_shop_advertising_works [nicolae_subvault_shop_adworks],
          nicolae_take_the_stairs, nicolae_shop_hallway_plus, uniq_duvessa,
          uniq_ijyb, uniq_eustachio
D:6:      minmay_cornered_nines, layout_basic, nicolae_inconvenience_store,
          roderic_lattice_a, serial_bayou_ford_a, ebering_dispersal_statue_hall,
          uniq_menkaure
D:7:      layout_basic, minmay_temple_entry_ruins, serial_shops, shop,
          nicolae_shop_gadgets, uniq_joseph, uniq_harold
D:8:      layout_layer_cave, grunt_temple_overflow_champion_of_chaos,
          uniq_psyche
D:9:      layout_irregular_city
D:10:     layout_basic, jmf_multi_god_temple2
D:11:     layout_irregular_city, erik_lair_island, serial_shops,
          nicolae_shop_temple_entry_statues_fountains, columned_hall_lemuel,
          onia_ninara_cookie
D:12:     layout_irregular_city, erik_orc_1, serial_shops, bzr_entry_islet,
          grunt_decor_junction, grunt_ogre_cave, uniq_gastronok, uniq_rupert
D:13:     thingy_vault, layout_loops_ring, serial_shops,
          nicolae_shop_waterfront, gammafunk_ghost_necromancy
D:14:     layout_big_octagon, david_vaults_1, nicolae_lava_and_water
D:15:     gammafunk_depths_entry_grave, layout_cave_pools,
          nicolae_figureground_pulse
Lair:1:   layout_cave_pods, wad_woods_river_01
Lair:2:   layout_long_grid, minmay_swamp_entry_worms,
          chequers_serial_rivers_micro_d, serial_bayou_crossing,
          infiniplex_staircase_pool
Lair:3:   layout_cave_pods, guppyfry_snake_entry_island,
          nicolae_volcano_entry_hallway, gammafunk_ghost_icy,
          infiniplex_staircase_pool_2
Lair:4:   layout_concentric_octagons, wad_woods_02
Lair:5:   nzn_winding_woodlands_huge [nzn_winding_woodlands_5x15_sawtooth,
          nzn_winding_woodlands_5x15_pockets, nzn_winding_woodlands_5x15_pool,
          nzn_winding_woodlands_5x15_cabin, nzn_winding_woodlands_5x15_eye,
          nzn_winding_woodlands_5x15_default,
          nzn_winding_woodlands_5x15_pathside_ponds,
          nzn_winding_woodlands_5x15_twine,
          nzn_winding_woodlands_5x15_longhouse,
          nzn_winding_woodlands_5x15_zeroes,
          nzn_winding_woodlands_center_diamonds,
          nzn_winding_woodlands_center_lodge,
          nzn_winding_woodlands_15x15_five_gardens], layout_gridlike,
          slime_altar_2, minmay_lair_drake_nest
Lair:6:   grunt_lair_end_beastmaster, layout_cave_pods, nzn_sisyphean_effort
Snake:1:  layout_layer_cave
Snake:2:  layout_cave_town, gammafunk_ghost_grave, grunt_ministairs_5
Snake:3:  layout_misc_corridors, basic_altar, nicolae_snake_single_loop
Snake:4:  minmay_snake_end_coiled, layout_onion
Orc:1:    layout_caves, elf_legates
Orc:2:    st_orc_elflike, layout_diamond_mine, nicolae_shop_firing_range,
          uniq_donald
Vaults:1: ebering_ghost_disaster_area, hangedman_vaults_stretched_pinwheel,
          nicolae_vaults_theta, hangedman_vaults_pinch, vaults_mumra_lcd,
          nicolae_vaults_shelves_hall, ontoclasm_vaults_loading_screen,
          vaults_room_grunt_arrival_ludios, layout_vaults_omnigrid,
          serial_shops, nicolae_shop_trees, shop, uniq_asterion
Vaults:2: vaults_mumra_bighexcomb, v_misc_19, nicolae_vaults_little_squares_4,
          hangedman_vaults_snaps, nicolae_vaults_angled_halls,
          blue_anna_dwarven_crypt, hangedman_vaults_cutoff,
          ontoclasm_vaults_gateway, hangedman_vaults_slither,
          grunt_vaults_focal, ontoclasm_vaults_eye, serial_ice_m,
          v_alt_pattern_6, layout_vaults_omnicross, uniq_xtahua

Notes
Turn   | Place    | Note
-------+----------+-------------------------------------------
     0 | Abyss:1  | sanka the Palentonga Abyssal Knight began the quest for the
                  | Orb.
     0 | Abyss:1  | Reached XP level 1. HP: 19/19 MP: 2/2
    31 | Abyss:1  | Noticed a bone dragon
    35 | Abyss:1  | Noticed a starcursed mass
    37 | D:1      | Escaped the Abyss
   237 | D:1      | Found a faded altar of an unknown god.
   248 | D:1      | Reached * piety under Lugonu
   443 | D:1      | Reached XP level 2. HP: 25/25 MP: 3/3
   483 | D:1      | Reached skill level 3 in Axes
  1095 | D:2      | Reached XP level 3. HP: 31/31 MP: 4/4
  1381 | D:2      | Reached skill level 4 in Axes
  1861 | D:3      | Reached ** piety under Lugonu
  1871 | D:3      | Reached XP level 4. HP: 31/37 MP: 5/5
  2373 | D:3      | Reached skill level 5 in Axes
  2535 | D:4      | Reached XP level 5. HP: 31/43 MP: 6/6
  2590 | D:4      | Noticed an ogre
  2598 | D:4      | Killed an ogre
  2599 | D:4      | Reached skill level 6 in Axes
  2665 | D:4      | Reached skill level 3 in Invocations
  2668 | D:4      | Reached XP level 6. HP: 50/50 MP: 8/8
  2743 | D:4      | Reached *** piety under Lugonu
  2887 | D:4      | Reached skill level 4 in Invocations
  3091 | D:5      | Entered Level 5 of the Dungeon
  3091 | D:5      | Noticed Duvessa
  3091 | D:5      | Noticed Dowan
  3119 | D:4      | Reached skill level 5 in Invocations
  3151 | D:5      | Found Omust's Magic Scroll Boutique.
  3208 | D:5      | Gained mutation: You curl defensively after being hit. (AC
                  | +7*) [Palentonga growth]
  3208 | D:5      | Reached XP level 7. HP: 24/55 MP: 11/11
  3268 | D:5      | Reached skill level 6 in Invocations
  3365 | D:5      | Banished Duvessa
  3366 | D:5      | Reached skill level 7 in Invocations
  3381 | D:5      | Killed Dowan
  3482 | D:5      | Reached skill level 8 in Invocations
  3566 | D:5      | Found Naynocep's Jewellery Emporium.
  3566 | D:5      | Noticed Eustachio
  3595 | D:5      | Noticed Ijyb
  3600 | D:5      | Killed Eustachio
  3601 | D:5      | Reached XP level 8. HP: 53/62 MP: 14/14
  3617 | D:5      | Killed Ijyb
  3686 | D:5      | Found Bythre's Armour Shop.
  3741 | D:5      | Found Lantad's Assorted Antiques.
  3934 | D:6      | Noticed Menkaure
  3957 | D:6      | Killed Menkaure
  3958 | D:6      | Reached skill level 4 in Fighting
  4252 | D:6      | Reached skill level 7 in Axes
  4297 | D:6      | Reached skill level 5 in Fighting
  4465 | D:6      | Identified 2 scrolls of acquirement
  4466 | D:6      | Acquired 479 gold pieces
  4468 | D:6      | Acquired the ring of Aceoppy {Will+ Str+4 Dex+3}
  4724 | D:6      | Found Leaqaec's Armour Boutique.
  4753 | D:6      | Identified the +4 mace "Xurot" {drain, Int+2 Dex+4}
  5093 | D:6      | Bought the +2 ratskin cloak {*Rats rPois rN+ Str-1 Int-1
                  | Dex+1} for 333 gold pieces
  5093 | D:6      | Found the +2 ratskin cloak {*Rats rPois rN+ Str-1 Int-1
                  | Dex+1}
  5275 | D:7      | Reached skill level 6 in Fighting
  5275 | D:7      | Reached skill level 8 in Axes
  5278 | D:7      | Reached XP level 9. HP: 69/73 MP: 15/15
  5280 | D:7      | Reached skill level 1 in Dodging
  5287 | D:7      | Found a staircase to the Ecumenical Temple.
  5334 | D:7      | Found Urrir's Distillery.
  5352 | D:7      | Bought a potion of heal wounds for 80 gold pieces
  5352 | D:7      | Bought a potion of curing for 48 gold pieces
  5352 | D:7      | Bought a potion of might for 64 gold pieces
  5353 | D:7      | Noticed Joseph
  5371 | D:7      | HP: 3/73 [Joseph (10)]
  5373 | D:7      | Killed Joseph
  5374 | D:7      | Reached skill level 2 in Dodging
  5377 | D:7      | Reached skill level 9 in Axes
  5377 | D:7      | Reached skill level 3 in Dodging
  5551 | D:7      | Noticed Harold
  5559 | D:7      | Killed Harold
  5560 | D:7      | Reached skill level 4 in Dodging
  5588 | D:7      | Found Hiechom's Gadget Gallery.
  6262 | D:8      | Reached skill level 10 in Axes
  6364 | D:8      | Noticed Psyche
  6372 | D:8      | Reached skill level 1 in Shields
  6378 | D:8      | Killed Psyche
  6379 | D:8      | Reached skill level 2 in Shields
  6379 | D:8      | Reached XP level 10. HP: 54/81 MP: 16/16
  6540 | D:8      | Reached **** piety under Lugonu
  6552 | D:8      | Reached skill level 3 in Shields
  6677 | D:8      | Noticed a two-headed ogre
  6678 | D:8      | Banished a two-headed ogre
  6679 | D:8      | Reached skill level 4 in Shields
  6954 | D:8      | Reached skill level 5 in Shields
  7051 | D:8      | Found a burning altar of Makhleb.
  7051 | D:8      | Found a shimmering altar of Xom.
  7752 | D:9      | Reached skill level 6 in Shields
  8160 | D:10     | Entered Level 10 of the Dungeon
  8261 | D:10     | Reached skill level 7 in Shields
  8471 | D:10     | Found a large runed translucent door.
  8471 | D:10     | Found a large runed translucent door.
  8686 | D:10     | Reached XP level 11. HP: 86/86 MP: 17/17
  9024 | D:10     | Reached skill level 8 in Shields
  9043 | D:10     | Found an ancient bone altar of Kikubaaqudgha.
  9046 | D:10     | Found a hide-covered altar of Uskayaw.
  9257 | D:11     | Found Wopem's Armour Emporium.
  9357 | D:11     | Noticed a brown ugly thing
  9366 | D:11     | Reached skill level 9 in Shields
  9380 | D:11     | Paralysed by a floating eye for 2 turns
  9388 | D:11     | Paralysed by a floating eye for 4 turns
  9395 | D:11     | Paralysed by a floating eye for 2 turns
  9398 | D:11     | Paralysed by a floating eye for 4 turns
  9409 | D:11     | Banished a brown ugly thing
  9410 | D:11     | Reached skill level 2 in Armour
  9410 | D:11     | Paralysed by a floating eye for 3 turns
  9414 | D:11     | Noticed a purple ugly thing
  9416 | D:11     | Banished a purple ugly thing
  9425 | D:11     | Reached skill level 5 in Dodging
  9495 | D:11     | Reached skill level 3 in Armour
  9698 | D:11     | Reached skill level 4 in Armour
  9698 | D:11     | Reached skill level 6 in Dodging
  9803 | D:11     | Paralysed by a floating eye for 3 turns
  9810 | D:11     | Reached skill level 11 in Axes
  9845 | D:11     | Found a staircase to the Lair.
  9922 | D:11     | Reached ***** piety under Lugonu
 10300 | Lair:1   | Entered Level 1 of the Lair of Beasts
 10355 | Lair:1   | Noticed a four-headed hydra
 10361 | Lair:1   | Banished a four-headed hydra
 10362 | Lair:1   | Reached XP level 12. HP: 94/94 MP: 9/18
 10470 | Lair:1   | Noticed a seven-headed hydra
 10472 | Lair:1   | Banished a seven-headed hydra
 10530 | Lair:1   | Noticed a seven-headed hydra
 10538 | Lair:1   | Banished a seven-headed hydra
 10539 | Lair:1   | Reached skill level 5 in Armour
 10917 | Lair:1   | Reached skill level 7 in Dodging
 11943 | Lair:2   | Noticed a boulder beetle
 11986 | Lair:2   | Killed a boulder beetle
 11987 | Lair:2   | Reached skill level 12 in Axes
 12097 | Lair:2   | Reached skill level 6 in Armour
 12118 | Lair:2   | Found a staircase to the Swamp.
 12598 | Lair:3   | Found a dark tunnel.
 12610 | Volcano  | Entered a volcano
 12633 | Volcano  | HP: 6/94 [molten gargoyle (6)]
 12890 | Volcano  | Reached skill level 8 in Dodging
 13335 | Lair:3   | Noticed an ice dragon
 13345 | Lair:3   | Found a runed translucent gate.
 13345 | Lair:3   | Found a runed translucent gate.
 13345 | Lair:3   | Found a runed translucent gate.
 13364 | Lair:3   | Noticed a catoblepas
 13381 | Lair:3   | Found a staircase to the Snake Pit.
 13474 | Lair:3   | Noticed Cimewiq's ghost (journeyman DECj)
 13520 | Lair:3   | Reached skill level 7 in Armour
 13521 | Lair:3   | Reached XP level 13. HP: 76/99 MP: 19/19
 14469 | Lair:4   | Reached skill level 13 in Axes
 14733 | Lair:4   | Reached skill level 7 in Fighting
 14920 | Lair:6   | Entered Level 6 of the Lair of Beasts
 14930 | Lair:6   | Reached skill level 9 in Invocations
 15162 | Lair:6   | Reached skill level 8 in Armour
 15489 | Lair:5   | Reached skill level 8 in Fighting
 15639 | Lair:5   | Reached skill level 10 in Invocations
 15853 | Lair:5   | Reached XP level 14. HP: 99/113 MP: 19/21
 16021 | Lair:5   | Reached skill level 14 in Axes
 16222 | Lair:5   | Identified the +10 broad axe of Contention {venom, rPois
                  | rN+ Dex+4}
 16380 | Lair:5   | Reached skill level 9 in Fighting
 16577 | Lair:5   | Reached skill level 11 in Invocations
 16711 | Lair:5   | Found a runed translucent door.
 16803 | Lair:5   | Found a viscous altar of Jiyva.
 16805 | Lair:5   | Found a staircase to the Slime Pits.
 17944 | Lair:6   | Reached skill level 10 in Fighting
 17987 | Lair:6   | Reached skill level 12 in Invocations
 17990 | Lair:6   | Reached skill level 15 in Axes
 18050 | Lair:6   | Identified +2 steam dragon scales
 19153 | D:12     | Found a flickering gateway to a bazaar.
 19175 | Bazaar   | Entered a bazaar
 19175 | Bazaar   | Found Goneank's Weapon Emporium.
 19175 | Bazaar   | Found Kugine Veole's Armour Shop.
 19175 | Bazaar   | Found Pujuru's Jewellery Shoppe.
 19175 | Bazaar   | Found Opnesos's Antique Weapon Shop.
 19177 | Bazaar   | Found Wudghaath's Assorted Antiques.
 19177 | Bazaar   | Found Oseg Ywe's Magic Scroll Boutique.
 19204 | Bazaar   | Bought the amulet of Life {Reflect rF+ rC+ Int+2 SH+5} for
                  | 386 gold pieces
 19223 | Bazaar   | Bought a scroll of acquirement for 624 gold pieces
 19223 | Bazaar   | Acquired 702 gold pieces
 19225 | Bazaar   | Bought a scroll of enchant armour for 90 gold pieces
 19230 | Bazaar   | Bought a scroll of enchant armour for 187 gold pieces
 19501 | D:12     | Noticed Rupert
 19508 | D:12     | Banished Rupert
 19509 | D:12     | Reached skill level 16 in Axes
 19689 | D:12     | Noticed Gastronok
 19719 | D:12     | Reached XP level 15. HP: 99/123 MP: 24/24
 19735 | D:12     | Killed Gastronok
 20101 | D:12     | Found a staircase to the Orcish Mines.
 20436 | Orc:1    | Entered Level 1 of the Orcish Mines
 20456 | Orc:1    | Noticed an orc warlord
 20478 | D:12     | Killed an orc warlord
 20583 | Orc:1    | Noticed an orc warlord
 20608 | Orc:1    | Killed an orc warlord
 20975 | Orc:2    | Entered Level 2 of the Orcish Mines
 20975 | Orc:2    | Noticed Donald
 20995 | Orc:2    | HP: 4/123 [Donald (19)]
 20997 | Orc:1    | Killed Donald
 21646 | Orc:2    | Found a staircase to the Elven Halls.
 21705 | Orc:2    | Found Otuv's Firing Range.
 21801 | Orc:2    | Reached skill level 17 in Axes
 21930 | Orc:2    | Found Vugguid's Book Emporium.
 22486 | Orc:2    | Paralysed by an orc sorcerer for 2 turns
 22593 | Orc:2    | Found Fittonud's Weapon Shop.
 22600 | Orc:2    | Found Xyzim's General Store.
 22604 | Orc:2    | Found Vadebl Busyt's Assorted Antiques.
 23284 | D:11     | Bought a +1 crystal plate armour for 1305 gold pieces
 23284 | D:11     | Bought a +1 helmet of intelligence for 247 gold pieces
 23431 | Lair:3   | Reached skill level 18 in Axes
 23524 | Lair:3   | Killed Cimewiq's ghost
 24084 | D:13     | Identified the +1 morningstar of Internal Strife {vorpal,
                  | rElec rF++}
 24205 | D:13     | Found Xumuu's Jewellery Boutique.
 25130 | D:13     | Found a runed translucent gate.
 25130 | D:13     | Found a runed translucent gate.
 25131 | D:13     | Found a runed translucent gate.
 25134 | D:13     | Noticed whitenoisemaker's ghost (journeyman DjIE)
 25258 | D:13     | Killed whitenoisemaker's ghost
 25259 | D:13     | Reached skill level 9 in Armour
 26081 | D:14     | Reached XP level 16. HP: 130/130 MP: 25/25
 26101 | D:14     | Reached skill level 10 in Shields
 26367 | D:14     | Reached skill level 10 in Armour
 26609 | D:14     | Identified the +2 quarterstaff "Zoguy" {elec, Str+2}
 26763 | D:14     | Found a gate to the Vaults.
 27048 | D:15     | Entered Level 15 of the Dungeon
 27312 | D:15     | Found a staircase to the Depths.
 27482 | D:15     | Reached ****** piety under Lugonu
 27945 | Snake:1  | Entered Level 1 of the Snake Pit
 28063 | Snake:1  | Reached skill level 11 in Shields
 28700 | Snake:1  | Reached skill level 11 in Armour
 28874 | Snake:1  | Identified a scarf of resistance
 29087 | Snake:1  | Identified the ring "Anluck" {Fire Fly Dex+2 SInv}
 29482 | Snake:1  | Identified the +10 plate armour of Acum {rCorr}
 30546 | Snake:2  | Found a runed translucent door.
 30547 | Snake:2  | Noticed Samaell's ghost (adept TrFi)
 30906 | Snake:2  | Killed Samaell's ghost
 30988 | Snake:2  | Identified the +1 robe "Ucseshrit" {rPois rF++ Str-2 Dex+2}
 31028 | Snake:3  | Reached skill level 12 in Shields
 31242 | Snake:3  | Reached skill level 12 in Armour
 31250 | Snake:3  | Reached XP level 17. HP: 87/136 MP: 26/26
 31697 | Snake:3  | Found a shimmering altar of Xom.
 32151 | Snake:4  | Entered Level 4 of the Snake Pit
 32678 | Snake:4  | Reached skill level 13 in Shields
 33361 | Snake:4  | Reached skill level 13 in Armour
 34592 | Snake:4  | Got a serpentine rune of Zot
 35005 | Vaults:1 | Entered Level 1 of the Vaults
 35006 | Vaults:1 | Found Cizxeobuuc's Book Emporium.
 35642 | Vaults:1 | Reached skill level 14 in Shields
 35645 | Vaults:1 | Reached XP level 18. HP: 128/143 MP: 27/27
 35837 | Vaults:1 | Found Egrasut's Magic Scroll Shop.
 35837 | Vaults:1 | Noticed Asterion
 35862 | Vaults:1 | Killed Asterion
 35863 | Vaults:1 | Reached skill level 14 in Armour
 37093 | Vaults:1 | Found a large runed translucent door.
 37093 | Vaults:1 | Found a large runed translucent door.
 37095 | Vaults:1 | Noticed Rineidgh's ghost (adept DrCj)
 37274 | Vaults:1 | Killed Rineidgh's ghost
 37857 | Vaults:2 | HP: 6/143 [ironbound thunderhulk/bolt of lightning (40)]
 37860 | Vaults:2 | Reached skill level 15 in Shields
 37860 | Vaults:2 | Mangled by an ettin

Vanquished Creatures
  The ghost of Rineidgh the Metallomancer, an adept DrCj of Sif Muna (Vaults:1)
  Asterion (Vaults:1)
  The ghost of Samaell the Brawler, an adept TrFi of the Shining One (Snake:2)
  Gastronok (D:12)
  6 nagarajas
  Donald (Orc:1)
  2 orc warlords
  3 vault wardens (Vaults:1)
  The ghost of whitenoisemaker the Cleaver, a journeyman DjIE of Makhleb (D:13)
  8 ironbound preservers
  A stone giant (D:13)
  2 very ugly things (Vaults:2)
  4 dire elephants (Vaults:1)
  2 ettins
  Harold (D:7)
  An ironbound thunderhulk (Vaults:1)
  4 yaktaur captains (Vaults:1)
  6 salamander tyrants
  6 boulder beetles
  2 vault guards (Vaults:1)
  A hydra (Lair:4)
  An ice dragon (Lair:3)
  The ghost of Cimewiq the Thaumaturge, a journeyman DECj of Kikubaaqudgha (Lair:3)
  10 naga warriors
  An ironbound frostheart (Vaults:1)
  6 anacondas
  12 centaur warriors
  A deep troll shaman (Lair:6)
  3 catoblepae
  6 two-headed ogres
  7 death yaks
  3 shock serpents
  4 orc high priests
  14 naga sharpshooters
  A deep elf knight (D:12)
  4 salamander mystics
  A skeletal warrior (D:15)
  A golden dragon zombie (D:15)
  8 naga ritualists
  21 deep trolls
  A phantasmal warrior (D:15)
  A flayed ghost (D:13)
  9 lindwurms
  6 orc knights
  4 wizards
  A wolf spider zombie (D:13)
  6 mana vipers
  4 harpies (Vaults:1)
  7 ironbound convokers (Vaults:1)
  A spectral wolf spider (D:13)
  A necromancer (D:15)
  5 orc sorcerers
  2 deep elf zephyrmancers
  16 ugly things
  4 cyclopes
  An orb spider (shapeshifter) (D:13)
  3 deep elf pyromancers
  7 salamanders
  A stone giant zombie (D:15)
  A wolf spider (D:15)
  A tengu skeleton (D:15)
  2 spectral centaurs (D:13)
  A manticore (D:15)
  44 black mambas
  Joseph (D:7)
  A frost giant skeleton (D:15)
  17 naga magi
  2 vault sentinels (Vaults:1)
  5 centaur zombies
  A guardian serpent (Snake:4)
  5 molten gargoyles (Volcano)
  13 elephants
  4 torpor snails (Lair:5)
  19 cane toads
  2 gargoyles
  2 kobold demonologists
  15 rime drakes
  Psyche (D:8)
  3 unseen horrors
  2 yaktaurs
  A guardian mummy (D:15)
  2 efreet (Volcano)
  14 komodo dragons
  2 freezing wraiths
  12 trolls
  4 polar bears
  3 meliai (D:14)
  2 hornets
  A wolf spider simulacrum (D:13)
  A meliai zombie (D:10)
  5 blink frogs
  11 slime creatures
  3 centaur simulacra (D:13)
  2 shadows
  3 wraiths
  49 yaks
  3 spriggans (Lair:4)
  A redback (D:13)
  A vampire (D:12)
  11 wyverns
  5 water elementals
  4 basilisks
  Eustachio (D:5)
  5 steam dragons
  10 vampire mosquitoes
  A catoblepas simulacrum (Lair:3)
  2 fire elementals (Volcano)
  Menkaure (D:6)
  A swamp worm (Lair:2)
  3 wargs (Orc:1)
  An acid dragon (D:14)
  2 hydra simulacra (Lair:3)
  54 nagas
  16 water moccasins
  A floating eye (D:11)
  A floating eye (shapeshifter) (D:13)
  A swamp drake (D:12)
  25 orc warriors
  2 ice beasts
  A necrophage (D:5)
  A black bear (Lair:6)
  A black mamba simulacrum (Lair:3)
  7 ogres
  21 centaurs
  15 wolves
  A phantom (D:6)
  4 kobold brigands
  16 bullfrogs
  2 scorpions
  An earth elemental (Volcano)
  2 gnoll sergeants
  2 water moccasin zombies
  A wyvern skeleton (D:7)
  A water moccasin skeleton (D:4)
  Dowan (D:5)
  An elephant simulacrum (Lair:3)
  2 killer bees
  9 electric eels
  12 howler monkeys
  A crimson imp (D:8)
  A bullfrog zombie (D:4)
  A bullfrog skeleton (D:4)
  9 orc priests
  A gnoll shaman (D:9)
  6 hounds
  6 jellies
  Ijyb (D:5)
  17 orc wizards
  An iguana (D:5)
  A hound skeleton (D:5)
  2 howler monkey zombies (D:9)
  3 gnolls (D:9)
  6 adders
  2 white imps (D:8)
  A worm (D:2)
  A worm (shapeshifter) (D:13)
  5 dart slugs
  60 orcs
  4 endoplasms
  A giant cockroach (D:1)
  8 goblins
  11 hobgoblins
  5 jackals
  20 kobolds
  3 quokkas
  3 training dummies (Orc:2)
  8 ball pythons
  7 bats
  5 frilled lizards
  4 rats
  A fire vortex (Volcano)
955 creatures vanquished.

Vanquished Creatures (collateral kills)
  A manticore (D:11)
  A centaur zombie (D:11)
  A cane toad (Lair:1)
  A black mamba (Snake:1)
  A gargoyle (D:11)
  A rime drake (Lair:5)
  A tyrant leech (Lair:2)
  A slime creature (D:9)
  A yak (D:11)
  An acid dragon (D:11)
  4 howler monkeys
  An iguana (D:7)
  An orc (D:12)
  A fire vortex (Volcano)
17 creatures vanquished.

Vanquished Creatures (others)
  A naga (Snake:4)
  A wolf (Lair:3)
  An orc priest (Orc:2)
  A centaur skeleton (D:7)
  4 fire vortices (Volcano)
  35 fungi
  99 plants
  8 withered plants
150 creatures vanquished.

Grand Total: 1122 creatures vanquished
